 Dungeon Crawl Stone Soup version 0.22.0-40-g68aacdc (webtiles) character file.

142 riellis the Shield-Bearer (level 5, -7/41 HPs)
             Began as a Formicid Fighter on Aug 31, 2018.
             Mangled by an orc warrior
             ... wielding a +0 flail
              (17 damage)
             ... on level 3 of the Dungeon.
             The game lasted 00:05:34 (2703 turns).

riellis the Shield-Bearer (Formicid Fighter)        Turns: 2703, Time: 00:05:34

Health: -7/41      AC:  8    Str: 27    XL:     5   Next: 49%
Magic:  5/5        EV:  8    Int:  7    God:
Gold:   69         SH: 10    Dex: 10    Spells: 4/4 levels left

rFire    . . .     SeeInvis +   a - +0 war axe
rCold    . . .     Gourm    .   c - +0 shield
rNeg     . . .     Faith    .   b - +0 scale mail
rPois    .         Spirit   .   (helmet unavailable)
rElec    .         Reflect  .   o - +0 cloak
rCorr    .         Harm     .   (no gloves)
MR       .....                  (no boots)
Stlth    ..........             (no amulet)
HPRegen  0.13/turn              (no ring)
MPRegen  0.09/turn              (no ring)

@: mighty
A: permanent stasis, dig shafts and tunnels, four strong arms, antennae 3
a: Dig, Shaft Self


You were on level 3 of the Dungeon.
You were not hungry.

You visited 1 branch of the dungeon, and saw 3 of its levels.

You collected 69 gold pieces.

Inventory:

Hand Weapons
 a - a +0 war axe (weapon)
 n - a +0 hunting sling
 u - a +1 dagger of flaming
Missiles
 g - 6 javelins (quivered)
 k - 9 sling bullets
 l - 31 bolts
 p - a throwing net
Armour
 b - a +0 scale mail (worn)
 c - a +0 shield (worn)
 o - a +0 cloak (worn)
Jewellery
 s - an uncursed ring of protection from cold {unknown}
Scrolls
 e - 2 scrolls of magic mapping {unknown}
 h - a scroll of enchant weapon {unknown}
 i - 5 scrolls of teleportation {unknown}
 j - 4 scrolls of identify {unknown}
 r - a scroll of amnesia {unknown}
 w - a scroll of remove curse {unknown}
 x - a scroll of blinking {unknown}
Potions
 m - a potion of curing {unknown}
 q - a potion of magic {unknown}
 t - a potion of heal wounds {unknown}
 v - a potion of haste {unknown}
Comestibles
 f - 6 rations


   Skills:
 - Level 3.2 Fighting
 * Level 4.4 Axes
 - Level 3.2 Armour
 + Level 4.9 Shields


You had 4 spell levels left.
You didn't know any spells.
Your spell library was empty.

Dungeon Overview and Level Annotations

Branches:
Dungeon (3/15)

Altars:
Hepliaklqana
Ru


Innate Abilities, Weirdness & Mutations

You cannot be hasted, slowed, berserked, paralysed or teleported.
You can dig through walls and to a lower floor.
Your four strong arms can wield two-handed weapons with a shield.
You have a pair of large antennae on your head. (SInv)


Message History

You dig through the rock wall.
You dig through the rock wall.
You retract your mandibles.
You hit the orc.
The orc is severely wounded.
The orc hits you but does no damage. You block the orc's attack.
You hit the orc.
You kill the orc!
You hit the orc warrior but do no damage.
The orc warrior hits you with a flail.
You closely miss the orc warrior. You block the orc warrior's attack.
The orc warrior hits you with a flail!
* * * LOW HITPOINT WARNING * * *
Okay, then.
You feel very mighty all of a sudden.
You completely miss the orc warrior.
The orc warrior hits you but does no damage.
You hit the orc warrior.
The orc warrior is moderately wounded.
You block the orc warrior's attack. The orc warrior hits you with a flail!
You die...

.. .. .#. .# ...
.## .##. .. ... .#
#. ####.####.#.##.
####..............
#@#{{..o..........
##o#.##..###.#.##.
###.##..... .....
#.##.###.......
#.##.# #..#..#.
#.##.# #.......
#.##.###..##.#.
#............#.
####.###.......


You could see an orc warrior.

Vanquished Creatures
  3 gnolls (D:2)
  3 adders
  3 dart slugs
  A worm (D:3)
  9 leopard geckos
  2 orcs (D:3)
  4 giant cockroaches
  A goblin (D:2)
  4 hobgoblins
  12 jackals
  5 kobolds
  3 ball pythons
  7 bats
  4 frilled lizards
  4 rats
65 creatures vanquished.

Notes
Turn   | Place    | Note
-------+----------+-------------------------------------------
     0 | D:1      | riellis the Formicid Fighter began the quest for the Orb.
     0 | D:1      | Reached XP level 1. HP: 18/18 MP: 1/1
   179 | D:1      | Reached XP level 2. HP: 16/24 MP: 2/2
   624 | D:1      | Reached XP level 3. HP: 29/29 MP: 3/3
  1353 | D:2      | Reached XP level 4. HP: 24/35 MP: 4/4
  1613 | D:2      | Reached XP level 5. HP: 30/41 MP: 5/5
  2437 | D:3      | Found a sacrificial altar of Ru.
  2663 | D:3      | Found a hazy altar of Hepliaklqana.
  2689 | D:3      | Noticed an orc warrior
  2703 | D:3      | Mangled by an orc warrior

Skill      XL: |  1  2  3  4 |
---------------+-------------+-----
Shields        | 4 |  4.9
Axes           | 3 4 |  4.4
Fighting       | |  3.2
Armour         | |  3.2

Action                   |  1- 3 |  4- 6 || total
-------------------------+-------+-------++-------
Melee: War axe           |   109 |   122 ||   231
 Abil: Dig               |     2 |     1 ||     3
  Use: Potion            |       |     1 ||     1
  Eat: Chunk             |     2 |     4 ||     6
Armor: Scale mail        |    53 |    58 ||   111
Dodge: Dodged            |    35 |    36 ||    71
Block: Shield            |    63 |    73 ||   136
